[ AOE2 MATCH · #473293481 ]
Team RMBohemians vs Spanish
[ REPLAY ANALYSIS · EXTRACTED FROM THE RECORDED GAME ]
Feudal
—
Castle
—
Imperial
—
| APM avg | 30.4 |
| APM peak | 51 |
| eAPM avg | 14.8 |
| Villagers / military | 18 / 0 |
Focus
⚔️ 0.0% · 🌾 100.0%
Feudal
—
Castle
—
Imperial
—
| APM avg | 14.0 |
| APM peak | 39 |
| eAPM avg | 6.1 |
| Villagers / military | 8 / 0 |
Focus
⚔️ 0.0% · 🌾 100.0%
Feudal
—
Castle
—
Imperial
—
| APM avg | 23.0 |
| APM peak | 34 |
| eAPM avg | 9.9 |
| Villagers / military | 10 / 0 |
Focus
⚔️ 0.0% · 🌾 100.0%
Feudal
—
Castle
—
Imperial
—
| APM avg | 6.9 |
| APM peak | 15 |
| eAPM avg | 6.1 |
| Villagers / military | 4 / 0 |
Focus
⚔️ 0.0% · 🌾 100.0%
Feudal
—
Castle
—
Imperial
—
| APM avg | 13.3 |
| APM peak | 23 |
| eAPM avg | 6.6 |
| Villagers / military | 11 / 0 |
Focus
⚔️ 19.0% · 🌾 81.0%
Feudal
—
Castle
—
Imperial
—
| APM avg | 5.4 |
| APM peak | 18 |
| eAPM avg | 3.6 |
| Villagers / military | 4 / 0 |
Focus
⚔️ 0.0% · 🌾 100.0%
Feudal
—
Castle
—
Imperial
—
| APM avg | 27.3 |
| APM peak | 44 |
| eAPM avg | 9.2 |
| Villagers / military | 18 / 0 |
Focus
⚔️ 0.0% · 🌾 100.0%
Feudal
—
Castle
—
Imperial
—
| APM avg | 1.8 |
| APM peak | 6 |
| eAPM avg | 1.8 |
| Villagers / military | 0 / 0 |
Match map
Initial resources + every placement click. Lines = walls · curves = elevation contours. ◆ gold · ⬟ stone · ● berries · ✦ relic · ◌ wall gap
Your base
bistecca343-ITA-BR-ARG's base
Pusc(A better person)'s base
Velox_M_B's base
kazuhalu's base
MSN>CBB's base
SYVZ0REEE's base
(Alex905)'s base
Smoothed initial terrain · ◌ = detected wall gap · hover for details
Inputs per minute
— Orange Jiangzc - - bistecca343-ITA-BR-ARG
Build order — Orange Jiangzc
22 actions detected in the replay
| 0:03 | Create | Villager (Male) |
| 0:03 | Create | Villager (Male) |
| 0:03 | Create | Villager (Male) |
| 0:06 | Build | House |
| 0:08 | Build | House |
| 0:41 | Create | Villager (Male) |
| 0:42 | Create | Villager (Male) |
| 1:48 | Create | Villager (Male) |
| 1:48 | Create | Villager (Male) |
| 1:49 | Create | Villager (Male) |
| 1:52 | Build | Lumber Camp |
| 2:19 | Create | Villager (Male) |
| 2:19 | Create | Villager (Male) |
| 2:19 | Create | Villager (Male) |
| 2:19 | Create | Villager (Male) |
| 2:20 | Create | Villager (Male) |
| 3:10 | Create | Villager (Male) |
| 3:10 | Create | Villager (Male) |
| 3:10 | Create | Villager (Male) |
| 3:11 | Create | Villager (Male) |
| 3:11 | Create | Villager (Male) |
| 3:47 | Build | Mill |
Build order — bistecca343-ITA-BR-ARG
12 actions detected in the replay
| 0:03 | Create | Villager (Male) |
| 0:04 | Create | Villager (Male) |
| 0:04 | Create | Villager (Male) |
| 0:04 | Create | Villager (Male) |
| 0:10 | Build | House |
| 0:14 | Build | House |
| 0:17 | Build | House |
| 0:46 | Build | Mill |
| 1:54 | Create | Villager (Male) |
| 2:33 | Create | Villager (Male) |
| 2:48 | Create | Villager (Male) |
| 3:11 | Create | Villager (Male) |
Build order — Pusc(A better person)
13 actions detected in the replay
| 0:03 | Build | House |
| 0:04 | Build | House |
| 0:09 | Create | Villager (Male) |
| 0:09 | Create | Villager (Male) |
| 0:46 | Create | Villager (Male) |
| 1:02 | Create | Villager (Male) |
| 1:28 | Create | Villager (Male) |
| 1:50 | Create | Villager (Male) |
| 1:54 | Build | Lumber Camp |
| 2:12 | Create | Villager (Male) |
| 2:19 | Create | Villager (Male) |
| 2:57 | Create | Villager (Male) |
| 3:18 | Create | Villager (Male) |
Build order — Velox_M_B
9 actions detected in the replay
| 0:08 | Research | Loom |
| 0:09 | Create | Villager (Male) |
| 0:09 | Create | Villager (Male) |
| 0:09 | Create | Villager (Male) |
| 0:10 | Create | Villager (Male) |
| 0:24 | Build | House |
| 0:31 | Build | House |
| 1:04 | Build | House |
| 1:27 | Build | House |
Build order — kazuhalu
11 actions detected in the replay
| 0:03 | Create | Villager (Male) |
| 0:04 | Create | Villager (Male) |
| 0:04 | Create | Villager (Male) |
| 0:04 | Create | Villager (Male) |
| 1:43 | Create | Villager (Male) |
| 2:08 | Create | Villager (Male) |
| 2:09 | Create | Villager (Male) |
| 3:00 | Create | Villager (Male) |
| 3:00 | Create | Villager (Male) |
| 3:12 | Create | Villager (Male) |
| 3:13 | Create | Villager (Male) |
Build order — MSN>CBB
6 actions detected in the replay
| 0:11 | Build | House |
| 0:25 | Research | Loom |
| 0:27 | Create | Villager (Male) ×4 |
| 0:56 | Build | House |
| 0:56 | Build | House |
| 0:57 | Build | House |
Build order — SYVZ0REEE
23 actions detected in the replay
| 0:03 | Build | House |
| 0:05 | Build | House |
| 0:05 | Create | Villager (Male) |
| 0:06 | Create | Villager (Male) |
| 0:06 | Create | Villager (Male) |
| 0:06 | Create | Villager (Male) |
| 0:06 | Create | Villager (Male) |
| 0:07 | Research | Loom |
| 1:41 | Create | Villager (Male) |
| 1:42 | Create | Villager (Male) |
| 1:50 | Build | Lumber Camp |
| 2:19 | Create | Villager (Male) |
| 2:20 | Create | Villager (Male) |
| 2:20 | Create | Villager (Male) |
| 3:10 | Create | Villager (Male) |
| 3:11 | Create | Villager (Male) |
| 3:11 | Create | Villager (Male) |
| 3:11 | Create | Villager (Male) |
| 3:31 | Build | House |
| 3:43 | Create | Villager (Male) |
| 3:44 | Create | Villager (Male) |
| 3:44 | Create | Villager (Male) |
| 3:44 | Create | Villager (Male) |
Build order — (Alex905)
0 actions detected in the replay
Match timeline
| 1:02 | (Alex905) · resign |
[ AI ANALYSIS · 1 CREDIT ]
What really happened in this match?
Wolo.gg analyzes every decision: build order, eco, micro, common mistakes by bracket. Personalized analysis on WhatsApp or Discord in 30 seconds.
Civ guide
Bohemians
Map guide
Arena
Perfil
Jugador #20184800